 Dungeon Crawl Stone Soup version 0.28-a0-1518-gbe868bca14 (webtiles) character file.

Game seed: 5925615853972856810

157 knot the Chopper (level 5, 58/61 HPs)
             Began as a Demonspawn Berserker on Jan 17, 2022.
             Was a Believer of Trog.
             Quit the game on level 3 of the Dungeon.
             The game lasted 00:04:57 (3128 turns).

knot the Chopper (Demonspawn Berserker)             Turns: 3128, Time: 00:04:57

Health: 58/61      AC:  5    Str: 17    XL:     5   Next: 15%
Magic:  5/5        EV: 11    Int: 11    God:    Trog [**....]
Gold:   65         SH:  0    Dex: 12    Spells: 4/4 levels left

rFire   . . .      SeeInvis .   a - +0 hand axe
rCold   . . .      Faith    .   (no shield)
rNeg    . . .      Spirit   .   j - +0 ring mail
rPois   .          Reflect  .   (no helmet)
rElec   .          Harm     .   (no cloak)
rCorr   .          Rampage  .   (no gloves)
Will    ++...                   (no boots)
Stlth   ..........              (no amulet)
HPRegen 1.20/turn               b - ring of flight
MPRegen 0.09/turn               (no ring)

@: berserking, strong-willed, flying, regenerating, very quick
A: claws 1, demonic guardian 1
a: Renounce Religion, Berserk, Trog's Hand


You were on level 3 of the Dungeon.
You worshipped Trog.
Trog was pleased with you.
You visited 1 branch of the dungeon, and saw 3 of its levels.

You collected 65 gold pieces.

Inventory:

Hand Weapons
 a - a +0 hand axe (weapon)
Missiles
 c - 27 sling bullets
 f - 2 silver boomerangs (quivered)
 i - 58 stones
 o - 7 poisoned darts
Armour
 j - a +0 ring mail (worn)
 n - the +0 robe of Spring Thaw {Fly Str-3 SInv Stlth+}
   (You found it on level 3 of the Dungeon)

   Str:       It affects your strength (-3).
   SInv:      It lets you see invisible.
   Fly:       It grants you flight.
   Stlth:     It makes you more stealthy.
Jewellery
 b - a ring of flight (left claw)
Scrolls
 d - 2 scrolls of summoning {unknown}
 e - a scroll of magic mapping {unknown}
 h - 2 scrolls of identify {unknown}
 k - a scroll of teleportation {unknown}
 m - a scroll of enchant weapon {unknown}
Potions
 g - a potion of haste {unknown}
 l - a potion of heal wounds {unknown}


   Skills:
 - Level 3.0 Fighting
 * Level 4.9 Axes
 * Level 1.7 Throwing
 - Level 1.7 Armour
 - Level 1.7 Dodging


You had 4 spell levels left.
You didn't know any spells.
Your spell library contained the following spells:

 Spells                   Type           Power      Damage    Failure   Level
 Beastly Appendage        Tmut           0%         N/A       54%         1
 Magic Dart               Conj           0%         1d3       54%         1
 Call Imp                 Summ           0%         N/A       67%         2
 Wereblood                Tmut           0%         N/A       67%         2
 Mephitic Cloud           Conj/Pois/Air  0%         N/A       88%         3
 Spider Form              Tmut/Pois      0%         N/A       88%         3


Dungeon Overview and Level Annotations

Branches:
Dungeon (3/15)

Altars:
Ru
Trog

Shops:
D:3 :=

Annotations:
D:3 1 runed translucent door, Crazy Yiuf


Innate Abilities, Weirdness & Mutations

You have sharp fingernails.
A weak demonic guardian rushes to your aid.


Message History

An orc comes into view. It is wielding a +2 hand axe of venom.
The orc wizard casts a spell at you.
You are confused.
An orc comes into view. It is wielding a +0 club.
Non-targeted confused throw: 2 boomerangs (silver)
Press: ? - help, Q - select action, (/) - cycle Dir - look around, f - activate You throw a silver boomerang.
An orc comes into view. It is wielding a +0 dagger.
The orc shouts!
The orc wizard gestures at you while chanting.
You resist with some effort.
You feel less confused.
Your skin crawls.
You feel strong-willed.
A red film seems to cover your vision as you go berserk!
You feel yourself moving faster!
You feel mighty!
The orc wizard gestures at you while chanting.
The magic dart hits you.
You barely miss the orc wizard. You hit the orc.
You kill the orc!
Trog accepts your kill. The orc wizard misses you.
You hit the orc wizard.
The orc wizard is moderately wounded.
You slash the orc!
You kill the orc!
Trog accepts your kill. The orc wizard barely misses you.
You slash the orc wizard!
The orc wizard is severely wounded.
You hit the orc. The orc hits you but does no damage.
You slash the orc wizard!
You kill the orc wizard!
Trog accepts your kill.
Trog appreciates your killing of a magic user.
You closely miss the orc.
You have reached level 5!
Your demonic ancestry asserts itself...
You feel the presence of a demonic guardian.
Are you sure you want to abandon this character and quit the game? (Confirm with "yes".)

#........ .......##
#.......# ..#..#..#
#######......#
...#....#
#..........#..
#..#...#
#...####......
#..#..# ###.# #######
#....### #.##
#.)o..###..#
#o@...###)#########
#...##...............
#..#..
#####...........
..#..#. ###..######.
. .#... ..# ###. # .
.. .... .... # .#.
..#...... ...
.....###. ...#..#..


You could see 2 orcs.

Vanquished Creatures
  An orc wizard (D:3)
  Robin (D:2)
  3 adders
  A dart slug (D:3)
  7 orcs (D:3)
  7 ball pythons
  5 bats
  10 endoplasms
  A giant cockroach (D:3)
  20 goblins
  4 hobgoblins
  5 kobolds
  5 quokkas
  4 frilled lizards
  5 rats
79 creatures vanquished.

Notes
Turn   | Place    | Note
-------+----------+-------------------------------------------
     0 | D:1      | knot the Demonspawn Berserker began the quest for the Orb.
     0 | D:1      | Reached XP level 1. HP: 18/18 MP: 1/1
   152 | D:1      | Reached skill level 3 in Axes
   324 | D:1      | Gained mutation: You have sharp fingernails. [demonic
                  | ancestry]
   324 | D:1      | Reached XP level 2. HP: 14/24 MP: 2/2
   760 | D:1      | You fall into a shaft and drop 1 floor!
   773 | D:2      | Reached XP level 3. HP: 25/29 MP: 3/3
   775 | D:2      | Reached skill level 4 in Axes
  1197 | D:1      | Reached ** piety under Trog
  1479 | D:1      | Found a faded altar of an unknown god.
  1742 | D:2      | Noticed Robin
  2019 | D:2      | Killed Robin
  2020 | D:2      | Reached XP level 4. HP: 35/35 MP: 4/4
  2265 | D:2      | Found a sacrificial altar of Ru.
  2603 | D:3      | Found Jodoanus's Jewellery Shoppe.
  2656 | D:3      | Reached skill level 1 in Throwing
  2800 | D:3      | Found a bloodstained altar of Trog.
  2858 | D:3      | Found a runed translucent door.
  2859 | D:3      | Noticed Crazy Yiuf
  2915 | D:3      | Found Izacemm's Book Emporium.
  2999 | D:3      | Identified the +0 robe of Spring Thaw {Fly Str-3 SInv
                  | Stlth+}
  3128 | D:3      | Gained mutation: A weak demonic guardian rushes to your
                  | aid. [demonic ancestry]
  3128 | D:3      | Reached XP level 5. HP: 41/41 MP: 5/5
  3128 | D:3      | Quit the game

Illustrated notes

Levels and vault maps discovered:
D:1:      lemuel_arrival_funnel, layout_loops_ring,
          hellmonk_ecumenical_altar_blasted
D:2:      layout_basic, basic_altar, uniq_robin
D:3:      layout_rooms, mainiacjoe_overflow_six_doors_small, serial_shops, shop,
          nicolae_shop_statue_plus, minmay_misc_feat_diagonals, st_stairs_10,
          uniq_crazy_yiuf_cottage

Skill      XL: |  1  2  3  4 |
---------------+-------------+-----
Axes           | 3 4 |  4.9
Throwing       | 1 |  1.7
Fighting       | |  3.0
Armour         | |  1.7
Dodging        | |  1.7

Action                   |  1- 3 |  4- 6 || total
-------------------------+-------+-------++-------
Melee: Hand axe          |   116 |    66 ||   182
       Punch             |       |     2 ||     2
Throw: Boomerang         |    34 |    15 ||    49
Invok: Berserk           |     3 |     1 ||     4
       Trog's Hand       |       |     1 ||     1
 Stab: Sleeping          |     1 |       ||     1
Armor: Animal skin       |    31 |       ||    31
       Ring mail         |       |    16 ||    16
Dodge: Dodged            |    98 |    41 ||   139

Table legend: (Time is in decaauts)
 A = Elapsed time spent in this place.
 B = Non-inter-level travel time spent in this place.
 C = Inter-level travel time spent in this place.
 D = Time resting spent in this place.
 E = Time spent auto-exploring this place.
 F = Levels seen in this place.
 G = Mean time per level.
                   A        B        C        D        E       F      G
               +--------+--------+--------+--------+--------+-----+--------+
         Total |   3193 |   3117 |     76 |   1198 |   1439 |   3 | 1064.3 |
       Dungeon |   3193 |   3117 |     76 |   1198 |   1439 |   3 | 1064.3 |
               +--------+--------+--------+--------+--------+-----+--------+

Top non-repeatable levels by time:
     D:1: 1769 daAuts
     D:2: 893 daAuts
     D:3: 530 daAuts
